 Dungeon Crawl Stone Soup version 0.21-a0-352-g5b8f553 (webtiles) character file.

21 Ijustatesigmund the Sneak (level 2, -1/15 HPs)
             Began as a Vine Stalker Assassin on Oct 10, 2017.
             Slain by an adder (2 damage)
             ... on level 2 of the Dungeon.
             The game lasted 00:01:27 (835 turns).

Ijustatesigmund the Sneak (Vine Stalker Assassin)    Turns: 835, Time: 00:01:29

Health: -1/15      AC:  4    Str: 13    XL:     2   Next: 87%
Magic:  0/3        EV: 11    Int: 11    God:
Gold:   14         SH:  0    Dex: 15    Spells: 1/1 levels left

rFire    . . .     SeeInvis .   a - +3 dagger
rCold    . . .     Gourm    .   (no shield)
rNeg     . . .     Faith    .   c - +0 robe
rPois    .         Spirit   +   (no helmet)
rElec    .         Reflect  .   d - +0 cloak
rCorr    .         Harm     .   (no gloves)
MR       .....                  m - +0 pair of boots (curse)
Stlth    +++.......             (no amulet)
HPRegen  0.05/turn              (no ring)
MPRegen  0.08/turn              (no ring)

@: lethally poisoned (-1 -> -10), very slightly contaminated
A: fangs 2, magic shield, antimagic bite, no potion heal 3, rot immunity
a: no special abilities


You were on level 2 of the Dungeon.
You were not hungry.

You visited 1 branch of the dungeon, and saw 2 of its levels.

You collected 14 gold pieces.

Inventory:

Hand Weapons
 a - a +3 dagger (weapon)
 b - a +0 blowgun
Missiles
 e - 8 poisoned needles
 f - 2 curare-tipped needles
 o - 19 bolts
Armour
 c - a +0 robe (worn)
 d - a +0 cloak (worn)
 m - a cursed +0 pair of boots (worn)
Comestibles
 g - 2 bread rations
 h - 2 meat rations


   Skills:
 + Level 2.2 Fighting
 + Level 2.2 Short Blades
 - Level 1.7 Throwing
 - Level 0.7 Dodging
 + Level 5.2 Stealth


You had one spell level left.
You didn't know any spells.

Dungeon Overview and Level Annotations

Branches:
Dungeon (2/15)

Altars:


Innate Abilities, Weirdness & Mutations

You have extremely sharp teeth.
When hurt, damage is shared between your health and your magic reserves.
Your bite disrupts and absorbs the magic of your enemies.
Potions cannot restore your health.
You are immune to rotting.


Message History

It is a scroll of enchant weapon.
Your +2 dagger glows red for a moment.
As you read the scroll labeled KUAVVI JIMI, it crumbles to dust.
You feel aware of your surroundings.
It was a scroll of magic mapping.
As you read the scroll labeled GIDAENWUEGIESO, it crumbles to dust.
It is a scroll of amnesia.
You feel forgetful for a moment.
As you read the scroll labeled CIKEUD ARHUUCH, it crumbles to dust.
It is a scroll of identify.
You don't have any unidentified items.
You hit the adder.
The adder is heavily wounded.
The adder barely misses you.
You closely miss the adder. Your bite misses the adder.
The adder is heavily wounded.
The adder bites you.
* * * LOW HITPOINT WARNING * * *
You are lethally poisoned!
The adder poisons you! The adder bites you.
You die...

# ##### # #...#
###################...###########
'...............@SS......>......#
###################.........#**,*
# **#...####§S# *,* # #.....#
##.#**,* # ******#.#####* *S.#*,*
# *,,,,...*,,,,****..#*,*
#**********,**...,*,**,,,,,...*,*
.,,,,,,,,,,,,....,,,,,,,,,,....,,
.,,,,,,,,,,,,.##***,,,,,,,,.....,


You could see 2 adders.

Vanquished Creatures
  A dart slug (D:1)
  A leopard gecko (D:1)
  2 goblins (D:1)
  5 hobgoblins (D:1)
  2 kobolds
  2 bats
  A frilled lizard (D:1)
  2 rats (D:1)
16 creatures vanquished.

Notes
Turn   | Place    | Note
-------+----------+-------------------------------------------
     0 | D:1      | Ijustatesigmund the Vine Stalker Assassin began the quest for the Orb.
     0 | D:1      | Reached XP level 1. HP: 11/11 MP: 2/2
   179 | D:1      | Reached skill level 5 in Stealth
   180 | D:1      | Reached XP level 2. HP: 15/15 MP: 3/3
   835 | D:2      | Slain by an adder

Vault maps used:
D:1:      minmay_arrival_up_and_down, corexii_leaking_fountain,
          hangedman_abyss_or_decor_stabs
D:2:      minmay_misc_feat_hallway

Skill      XL: |  1 |
---------------+----+-----
Short Blades   | 2 |  2.2
Stealth        | 5 |  5.2
Fighting       | 2 |  2.2
Throwing       | |  1.7
Dodging        | |  0.7

Action                   || total
-------------------------++-------
Melee: Dagger            ||    38
       Bite              ||     6
  Use: Scroll            ||     5
 Stab: Sleeping          ||     7
Armor: Robe              ||     2
Dodge: Dodged            ||    17

Table legend:
 A = Spawn XP
 B = Non-spawn XP
 C = Spawn XP percentage of total XP
 D = Spawn monster count
 E = Non-spawn monster count
 F = Spawn count percentage of total count
 G = Total turns spent on level
                    A         B        C        D         E        F      G
               +---------+---------+-------+---------+---------+-------+---------
         Total |       0 |      31 |   0.0 |       0 |      16 |   0.0 |   835
               +---------+---------+-------+---------+---------+-------+---------
           D:1 |       0 |      27 |   0.0 |       0 |      14 |   0.0 |   743
           D:2 |       0 |       4 |   0.0 |       0 |       2 |   0.0 |    92
               +---------+---------+-------+---------+---------+-------+---------
